[Event "Titled Tuesday Blitz June 6 Early 2023"]
[White "Maluco_do_Natal_00"]
[Black "Dwilewicz, Katarzyna"]
[BlackFideId "1148486"]
[WhiteElo "2063"]
[BlackElo "2098"]
[Result "0-1"]
[Round "5"]
[TimeControl "180+2"]
[Date "2023.06.06"]
[WhiteClock "0:00:02"]
[BlackClock "0:01:35"]
[Board "185"]

1. e4 c5 2. Nf3 d6 3. d4 cxd4 4. Nxd4 Nf6 5. Nc3 a6 6. Be3 e6 7. Qd2 Be7 8. f3 b5 9. Bd3 Bb7 10. a4 b4 11. Nce2 d5 12. e5 Nfd7 13. f4 Nc6 14. O-O Nc5 15. Kh1 Ne4 16. Qe1 O-O 17. c4 Nc5 18. Qd1 Nxd3 19. Qxd3 dxc4 20. Qxc4 Na5 21. Qd3 Qd5 22. Rg1 Nc4 23. Bc1 Rfd8 24. Qg3 Bc5 25. Nb3 Bxg1 26. Nxg1 Rac8 0-1


[Site "https://www.chess.com"]

[Event "Titled Tuesday Blitz June 6 Early 2023"]
[White "Marichal Gonzalez, Ariel"]
[Black "Alexanian, Nelli"]
[WhiteFideId "3503232"]
[BlackFideId "4170539"]
[WhiteElo "2250"]
[BlackElo "2040"]
[Result "1-0"]
[Round "5"]
[TimeControl "180+2"]
[Date "2023.06.06"]
[WhiteClock "0:02:18"]
[BlackClock "0:01:01"]
[Board "186"]

1. d4 Nf6 2. c4 c5 3. d5 b5 4. cxb5 a6 5. bxa6 g6 6. Nc3 Bxa6 7. e4 Bxf1 8. Kxf1 d6 9. Nf3 Bg7 10. g3 Na6 11. Kg2 Nd7 12. Qe2 O-O 13. a4 Nc7 14. Bg5 h6 15. Be3 f5 16. exf5 Rxf5 17. Rhd1 Nb6 18. Nh4 Rh5 19. Nxg6 Ncxd5 20. Qxh5 1-0


[Site "https://www.chess.com"]

[Event "Titled Tuesday Blitz June 6 Early 2023"]
[White "Joshi, Pankaj"]
[Black "White, John S."]
[WhiteFideId "5006210"]
[BlackFideId "2502348"]
[WhiteElo "2305"]
[BlackElo "1969"]
[Result "1/2-1/2"]
[Round "5"]
[TimeControl "180+2"]
[Date "2023.06.06"]
[WhiteClock "0:00:41"]
[BlackClock "0:00:57"]
[Board "187"]

1. e4 e6 2. d4 d5 3. exd5 exd5 4. c3 Nf6 5. Nf3 Be6 6. Bd3 Bd6 7. Bg5 O-O 8. O-O h6 9. Bxf6 Qxf6 10. Qe2 Nd7 11. Nbd2 c5 12. dxc5 Nxc5 13. Rad1 Nxd3 14. Qxd3 Rfd8 15. Nd4 Bd7 16. N2f3 Bc6 17. Rfe1 Re8 18. h3 a6 19. Qd2 Qf4 20. Qxf4 Bxf4 21. g3 Bc7 22. h4 Bb6 23. Ne5 Bxd4 24. cxd4 Re6 25. Nxc6 Rxc6 1/2-1/2


[Site "https://www.chess.com"]

[Event "Titled Tuesday Blitz June 6 Early 2023"]
[White "Quirke, Jeffrey"]
[Black "Porat, Tori"]
[WhiteFideId "2013029"]
[BlackFideId "30982626"]
[WhiteElo "2208"]
[BlackElo "1752"]
[Result "0-1"]
[Round "5"]
[TimeControl "180+2"]
[Date "2023.06.06"]
[WhiteClock "0:00:04"]
[BlackClock "0:01:27"]
[Board "188"]

1. e4 c5 2. Nc3 Nc6 3. f4 d6 4. Nf3 Nf6 5. Bb5 g6 6. Bxc6+ bxc6 7. e5 Nd5 8. Ne4 Nxf4 9. O-O Nd5 10. exd6 exd6 11. d4 Bf5 12. Re1 Bxe4 13. Rxe4+ Be7 14. Bg5 O-O 15. Bxe7 Nxe7 16. dxc5 d5 17. Re1 Nf5 18. Ne5 Qa5 19. g4 Qxc5+ 20. Kh1 Ne3 21. Qd3 Nxc2 22. Rac1 Nxe1 23. Rxe1 Qd6 24. g5 Rae8 25. Re2 Rxe5 0-1


[Site "https://www.chess.com"]

[Event "Titled Tuesday Blitz June 6 Early 2023"]
[White "Lohani, Sujana"]
[Black "Kriti Mayur Patel"]
[WhiteFideId "12311987"]
[BlackFideId "35061780"]
[WhiteElo "1718"]
[BlackElo "1306"]
[Result "0-1"]
[Round "5"]
[TimeControl "180+2"]
[Date "2023.06.06"]
[WhiteClock "0:00:33"]
[BlackClock "0:02:45"]
[Board "189"]

1. d4 d5 2. Nf3 Nf6 3. c4 e6 4. g3 Be7 5. Bg2 O-O 6. O-O dxc4 7. Qc2 a6 8. Qxc4 b5 9. Qc2 Bb7 10. Rd1 Nc6 11. e4 Nb4 12. Qe2 Bxe4 13. a3 Nc2 0-1


[Site "https://www.chess.com"]

[Event "Titled Tuesday Blitz June 6 Early 2023"]
[White "Skiadopoulos, Nikolaos"]
[Black "Nikulina, Alena"]
[WhiteFideId "4200772"]
[BlackFideId "4172051"]
[WhiteElo "2022"]
[BlackElo "1608"]
[Result "0-1"]
[Round "5"]
[TimeControl "180+2"]
[Date "2023.06.06"]
[WhiteClock "0:00:02"]
[BlackClock "0:00:16"]
[Board "190"]

1. e4 c5 2. b4 e5 3. Nf3 Qc7 4. Nc3 Nf6 5. b5 d6 6. Bc4 Be7 7. h3 O-O 8. O-O a6 9. bxa6 Nxa6 10. d3 Bd7 11. Bg5 Be6 12. Nd5 Bxd5 13. exd5 h6 14. Bh4 Nb4 15. c3 Nbxd5 16. Bxf6 Nxf6 17. Re1 d5 18. Bb3 Bd6 19. Nh4 Qd7 20. g4 g6 21. Qd2 Kg7 22. f3 b5 23. c4 bxc4 24. dxc4 d4 25. Kh1 Rfe8 26. Rg1 e4 27. f4 e3 28. Qh2 Ne4 29. Raf1 Nf2+ 30. Rxf2 exf2 31. Qxf2 Re4 32. Qf3 Rae8 33. Nf5+ Kh7 0-1


[Site "https://www.chess.com"]

[Event "Titled Tuesday Blitz June 6 Early 2023"]
[White "Nihal Sarin"]
[Black "Duda, Jan-Krzysztof"]
[WhiteFideId "25092340"]
[BlackFideId "1170546"]
[WhiteElo "2689"]
[BlackElo "2783"]
[Result "1-0"]
[Round "6"]
[TimeControl "180+2"]
[Date "2023.06.06"]
[WhiteClock "0:00:05"]
[BlackClock "0:00:02"]
[Board "1"]

1. e4 e5 2. Nf3 Nc6 3. Bb5 Nf6 4. O-O Nxe4 5. Re1 Nd6 6. a4 e4 7. Nc3 Be7 8. Nxe4 Nxe4 9. Rxe4 a6 10. Bf1 d5 11. Re1 d4 12. Bd3 Be6 13. Rxe6 fxe6 14. Be4 Qd7 15. d3 O-O 16. Qe2 h6 17. Bd2 Rf6 18. h3 Raf8 19. Rf1 Bd6 20. b3 Bf4 21. Be1 e5 22. h4 Qg4 23. g3 Qh3 24. Nh2 Qd7 25. gxf4 Rxf4 26. f3 Nd8 27. Bg3 Ne6 28. Ng4 Qd6 29. Nxe5 R8f6 30. Kg2 Rxh4 31. Ng6 Rxg6 32. Bxg6 Nf4+ 33. Bxf4 Rxf4 34. Qe8+ Rf8 35. Bf7+ Kh8 36. Qe6 Qc5 37. Bg6 Qxc2+ 38. Rf2 Qc1 39. f4 c6 40. Be4 Qe3 41. Qg6 Kg8 42. f5 Rf6 43. Qg3 1-0


[Site "https://www.chess.com"]

[Event "Titled Tuesday Blitz June 6 Early 2023"]
[White "Naroditsky, Daniel"]
[Black "Andreikin, Dmitry"]
[WhiteFideId "2026961"]
[BlackFideId "4158814"]
[WhiteElo "2632"]
[BlackElo "2736"]
[Result "1-0"]
[Round "6"]
[TimeControl "180+2"]
[Date "2023.06.06"]
[WhiteClock "0:01:51"]
[BlackClock "0:01:38"]
[Board "2"]

1. e4 e6 2. d4 d5 3. Nd2 c5 4. Ngf3 Nf6 5. e5 Nfd7 6. c3 Nc6 7. Bd3 Be7 8. O-O b6 9. Re1 g5 10. h3 h5 11. Nf1 g4 12. hxg4 hxg4 13. N3h2 cxd4 14. cxd4 Nxd4 15. Qxg4 Nc6 16. Qg7 Rh4 17. Nf3 Bf8 18. Qg8 Bb7 19. Bg5 Rg4 20. Bg6 Ndxe5 21. Nxe5 Rxg2+ 22. Kxg2 Qxg5+ 23. Ng3 Nxe5 24. Bxf7+ Nxf7 25. Rxe6+ Qe7 26. Rxe7+ Kxe7 27. Re1+ Kf6 28. Nh5+ 1-0


[Site "https://www.chess.com"]

[Event "Titled Tuesday Blitz June 6 Early 2023"]
[White "Martinez Alcantara, Jose Eduardo"]
[Black "Sanal, Vahap"]
[WhiteFideId "3805662"]
[BlackFideId "6300545"]
[WhiteElo "2711"]
[BlackElo "2606"]
[Result "1-0"]
[Round "6"]
[TimeControl "180+2"]
[Date "2023.06.06"]
[WhiteClock "0:00:06"]
[BlackClock "0:00:04"]
[Board "3"]

1. e4 e5 2. Nf3 Nc6 3. Bb5 a6 4. Ba4 Nf6 5. d3 b5 6. Bb3 Bc5 7. c3 d6 8. Bg5 h6 9. Bh4 Bb6 10. Nbd2 Ne7 11. Bxf6 gxf6 12. Qe2 Ng6 13. g3 h5 14. d4 Qe7 15. O-O-O Bd7 16. Nf1 O-O-O 17. Ne3 c6 18. Nf5 Bxf5 19. exf5 Nf8 20. Rhe1 Nd7 21. Kb1 Kc7 22. h4 d5 23. dxe5 fxe5 24. Nxe5 Nxe5 25. f4 Rdg8 26. Qh2 Qf6 27. Rxe5 Bc5 28. Bc2 Bd6 29. Re3 Re8 30. Rde1 Rb8 31. Qe2 b4 32. c4 d4 33. Re4 a5 34. Qf3 Kb6 35. Ba4 Rbd8 36. Bc2 Rhg8 37. Bd3 Qg7 38. Rg1 Qh6 39. c5+ Bxc5 40. Ree1 Rd5 41. Be4 Rd6 42. Bd3 Rgd8 43. Re5 Rd5 44. Rc1 Rxe5 45. fxe5 Qe3 46. Qd1 Qxe5 47. Qc2 Qd5 48. Re1 Qd6 49. Qc4 Kc7 50. Qxf7+ Rd7 51. Qg6 Qd5 52. f6 Rd6 53. Qg5 Qf3 54. Qg7+ Kb6 55. Qg6 Rxf6 56. Qe4 Qxg3 57. Rd1 Qe3 58. Qh7 Rf2 59. Qh8 Qf4 60. Qd8+ Qc7 61. Qg5 a4 62. Qxh5 a3 63. bxa3 bxa3 64. Ka1 Bb4 65. Rb1 Qd6 66. Qe8 Rb2 67. Rxb2 axb2+ 68. Kxb2 Ba3+ 69. Kc2 Qc5+ 70. Kd1 Qd6 71. Qa8 Bc5 72. Qa6+ Kc7 73. Qa5+ Bb6 74. Qg5 Qh2 75. Qg7+ Kb8 76. Qf8+ Ka7 77. Qe7+ Bc7 78. Qc5+ Kb7 79. Qb4+ Bb6 80. Qe7+ Bc7 81. a4 Qg1+ 82. Kc2 Qg2+ 83. Kb3 Qd5+ 84. Kc2 Qa2+ 85. Kc1 Qxa4 86. h5 Qa1+ 87. Kd2 Qb2+ 88. Kd1 Qb3+ 89. Ke2 Qa2+ 90. Kd1 Qd5 91. Qe2 Ba5 92. h6 Qh1+ 93. Kc2 Qxh6 94. Qe7+ Bc7 95. Qb4+ Bb6 96. Qe7+ Bc7 97. Qb4+ Kc8 98. Qc4 Qd6 99. Bf5+ Kb7 100. Bd3 Qa3 101. Be4 Qa7 102. Qxc6+ Kc8 103. Bf5+ Kb8 104. Qe8+ Kb7 105. Be4+ Ka6 106. Bd3+ Kb7 107. Be4+ Ka6 108. Qa4+ Kb6 109. Qb4+ Ka6 110. Bd3# 1-0


[Site "https://www.chess.com"]

[Event "Titled Tuesday Blitz June 6 Early 2023"]
[White "Hakobyan, Aram"]
[Black "Pranesh M"]
[WhiteFideId "13306677"]
[BlackFideId "35028600"]
[WhiteElo "2584"]
[BlackElo "2437"]
[Result "0-1"]
[Round "6"]
[TimeControl "180+2"]
[Date "2023.06.06"]
[WhiteClock "0:00:02"]
[BlackClock "0:00:19"]
[Board "4"]

1. d4 d5 2. c4 c6 3. Nf3 e6 4. e3 Nf6 5. Nc3 Nbd7 6. Qc2 Bd6 7. g4 Nxg4 8. Rg1 Nxh2 9. Nxh2 Bxh2 10. Rxg7 Qf6 11. Rxh7 Nf8 12. Rxh8 Qxh8 13. b3 Bd6 14. Bb2 Bd7 15. O-O-O Ng6 16. e4 dxc4 17. Bxc4 Bf4+ 18. Kb1 O-O-O 19. e5 Ne7 20. Ne4 Kb8 21. Nd6 Qh5 22. Be2 Qh4 23. Bf3 Rf8 24. Ne4 Qh3 25. Qe2 Nd5 26. Ka1 Qf5 27. Nc5 Bc8 28. Be4 Qg5 29. Bxd5 exd5 30. Qc2 Re8 31. Qh7 Qf5 32. Qxf5 Bxf5 33. Bc1 Bxc1 34. Rxc1 Rg8 35. Rc3 b6 36. Na4 Rg4 37. Rf3 Be6 38. Rd3 Rf4 39. f3 Bf5 40. Rd2 Rxf3 41. Kb2 Kc7 42. Nc3 Kd7 43. b4 a6 44. a4 b5 45. axb5 axb5 46. Kb3 Ke6 47. Kb2 Bd3 48. Rd1 Kf5 49. Rd2 Kf4 50. Rh2 Ke3 51. Rh4 Rf2+ 52. Ka3 Rc2 53. Rh3+ Kd2 54. Nb1+ Ke2 55. Rh2+ Ke3 56. Rh3+ Kxd4 57. e6 fxe6 58. Rh4+ Be4 59. Kb3 Rf2 60. Na3 e5 61. Rh6 Rf3+ 62. Kb2 Rf2+ 63. Kb3 Bd3 64. Rxc6 e4 65. Rc5 e3 66. Rc3 e2 67. Rc1 Rf1 0-1


[Site "https://www.chess.com"]

[Event "Titled Tuesday Blitz June 6 Early 2023"]
[White "Elsa167"]
[Black "Deac, Bogdan-Daniel"]
[BlackFideId "1226380"]
[WhiteElo "2917"]
[BlackElo "2644"]
[Result "0-1"]
[Round "6"]
[TimeControl "180+2"]
[Date "2023.06.06"]
[WhiteClock "0:00:06"]
[BlackClock "0:00:07"]
[Board "5"]

1. d4 Nf6 2. c4 e6 3. Nf3 d5 4. Nc3 c5 5. cxd5 cxd4 6. Qxd4 exd5 7. e4 dxe4 8. Qxd8+ Kxd8 9. Ng5 Be6 10. Nxe6+ fxe6 11. Bg5 h6 12. O-O-O+ Ke7 13. Bxf6+ gxf6 14. Nxe4 f5 15. Nd2 Bg7 16. Nf3 Rc8+ 17. Kb1 Nc6 18. Bc4 Na5 19. Bb5 Rd8 20. Rhe1 a6 21. Be2 Bf6 22. Nd2 Rac8 23. Nb3 Nxb3 24. axb3 Bd4 25. f4 Kf6 26. Rd3 Bf2 27. Red1 Rxd3 28. Rxd3 b6 29. Rd7 Be3 30. g3 Rc1+ 31. Ka2 Bc5 32. Bh5 Be7 33. Rd2 Rg1 34. Bf3 a5 35. Re2 Rf1 36. Bc6 Bd6 37. Bb5 Rg1 38. Bc4 e5 39. Rd2 Bc5 40. fxe5+ Kxe5 41. Re2+ Kf6 42. Re6+ Kg7 43. Bd3 Rg2 44. Re2 Rxe2 45. Bxe2 Bg1 46. h3 Kf6 47. Kb1 Ke5 48. Bf3 Kd4 49. Kc2 Bh2 50. g4 Ke3 51. Bg2 f4 52. Kd1 f3 53. Bf1 Be5 54. h4 Bxb2 55. g5 hxg5 56. hxg5 f2 57. g6 Bg7 58. Kc2 Kf3 59. Kd1 Kg3 60. Be2 Kg2 61. Kc2 f1=Q 62. Bxf1+ Kxf1 63. Kd3 Ke1 64. Kc4 Kd2 65. Kb5 Kc3 66. Kxb6 Kb4 67. Ka6 Bd4 0-1


[Site "https://www.chess.com"]

[Event "Titled Tuesday Blitz June 6 Early 2023"]
[White "Lenderman, Aleksandr"]
[Black "Hambleton, Aman"]
[WhiteFideId "2021285"]
[BlackFideId "2606577"]
[WhiteElo "2607"]
[BlackElo "2511"]
[Result "1-0"]
[Round "6"]
[TimeControl "180+2"]
[Date "2023.06.06"]
[WhiteClock "0:00:10"]
[BlackClock "0:00:01"]
[Board "6"]

1. Nf3 d5 2. e3 c6 3. c4 Bg4 4. cxd5 Bxf3 5. Qxf3 Qxd5 6. Qd1 Nf6 7. Nc3 Qd8 8. Qb3 Qb6 9. Bc4 Qxb3 10. Bxb3 Nbd7 11. O-O e6 12. d4 Be7 13. e4 O-O 14. Rd1 Rfd8 15. Bf4 Rac8 16. Rd2 h6 17. h3 Bb4 18. f3 Nf8 19. Rad1 g5 20. Be3 Ng6 21. g3 Kg7 22. Kg2 Ba5 23. Rd3 Rd7 24. Ne2 Rcd8 25. Bc2 Bb6 26. b4 Ne8 27. a4 a6 28. Bb3 Nf6 29. Bf2 Kf8 30. Nc3 Ba7 31. b5 axb5 32. axb5 Kg8 33. Ba4 Rc8 34. bxc6 bxc6 35. Be1 h5 36. Ne2 g4 37. Rc1 gxf3+ 38. Kxf3 Rdc7 39. Ba5 Rd7 40. Rd2 Ne7 41. Bb4 Nh7 42. h4 Kg7 43. Bxe7 Rxe7 44. Rxc6 Rd8 45. Nf4 Nf6 46. e5 Nd5 47. Nxh5+ Kg6 48. Nf4+ Nxf4 49. gxf4 Rxd4 50. Rxd4 Bxd4 51. Kg4 Ra7 52. Bc2+ Kg7 53. h5 Be3 54. Rc4 Bd2 55. f5 exf5+ 56. Kxf5 Rb7 57. Rg4+ Kf8 58. Rg2 Bc1 59. Be4 Rc7 60. Rh2 Bh6 61. Ra2 Re7 62. Bd5 Bg7 63. e6 fxe6+ 64. Bxe6 Re8 65. Ra7 Re7 66. Ra6 Bc3 67. Kg6 Rg7+ 68. Kf5 1-0


[Site "https://www.chess.com"]

[Event "Titled Tuesday Blitz June 6 Early 2023"]
[White "Nepomniachtchi, Ian"]
[Black "Terry, Renato"]
[WhiteFideId "4168119"]
[BlackFideId "3803457"]
[WhiteElo "2781"]
[BlackElo "2575"]
[Result "0-1"]
[Round "6"]
[TimeControl "180+2"]
[Date "2023.06.06"]
[WhiteClock "0:00:02"]
[BlackClock "0:00:01"]
[Board "7"]

1. e4 e6 2. d4 d5 3. Nd2 Be7 4. Ngf3 Nf6 5. Bd3 c5 6. dxc5 dxe4 7. Nxe4 Nxe4 8. Bxe4 Qxd1+ 9. Kxd1 Bxc5 10. Ke2 Nd7 11. Nd2 f5 12. Bf3 Ne5 13. Nb3 Be7 14. Re1 Kf7 15. Nd4 Bc5 16. c3 Bxd4 17. cxd4 Nxf3 18. Kxf3 Bd7 19. Bf4 Bc6+ 20. Ke3 Rac8 21. f3 Bd5 22. Rec1 Rc6 23. Rxc6 Bxc6 24. Rc1 Rc8 25. Rc3 Bd7 26. Bc7 Bc6 27. Be5 Bd7 28. Rb3 Bc6 29. Ra3 a6 30. Rc3 Bd7 31. Rb3 Bc6 32. Rb6 Rd8 33. b3 g5 34. a4 Rd7 35. Kd3 f4 36. h4 Kg6 37. hxg5 Kxg5 38. Ke2 h5 39. Kf2 h4 40. Kg1 Kf5 41. Kh2 h3 42. Rb4 hxg2 43. Kxg2 Bd5 44. Rb6 Rd8 45. Kf2 Rc8 46. Rd6 Rc2+ 47. Ke1 Bxf3 48. Rd8 Ke4 49. Rf8 Ke3 50. Bxf4+ Kxd4 51. Bd2 Bd5 52. b4 Kd3 53. Bg5 Re2+ 54. Kf1 Rb2 55. Be7 e5 56. Rd8 Kc4 57. Bc5 Bc6 58. a5 e4 59. Ke1 Rxb4 60. Bxb4 Kxb4 61. Kd2 Kxa5 62. Kc3 Kb5 63. Rh8 Kc5 64. Rh5+ Bd5 65. Rh6 a5 66. Rh8 b5 67. Rc8+ Bc6 68. Rd8 b4+ 69. Kb2 a4 70. Rc8 e3 71. Kc2 a3 72. Rc7 Kd6 73. Ra7 Be4+ 0-1


[Site "https://www.chess.com"]

[Event "Titled Tuesday Blitz June 6 Early 2023"]
[White "Dragnev, Valentin"]
[Black "Dubov, Daniil"]
[WhiteFideId "1634852"]
[BlackFideId "24126055"]
[WhiteElo "2487"]
[BlackElo "2793"]
[Result "0-1"]
[Round "6"]
[TimeControl "180+2"]
[Date "2023.06.06"]
[WhiteClock "0:00:01"]
[BlackClock "0:00:07"]
[Board "8"]

1. e4 c5 2. Nc3 e6 3. Nf3 a6 4. g3 Nc6 5. Bg2 d6 6. d4 cxd4 7. Nxd4 Bd7 8. O-O Be7 9. Nxc6 Bxc6 10. Qg4 h5 11. Qe2 h4 12. Bf4 Qb6 13. Rad1 Qxb2 14. Rd3 Qb4 15. Rb1 Qa5 16. e5 d5 17. Qg4 g6 18. Ne2 b5 19. Nd4 Bd7 20. Bxd5 exd5 21. e6 Bxe6 22. Nxe6 Nf6 23. Ng7+ Kf8 24. Ne6+ Kg8 25. Qe2 hxg3 26. hxg3 Rc8 27. Ng5 Qd8 28. Re1 Bb4 29. Red1 Bc5 30. Be5 Rh5 31. Nf3 Qb6 32. Bxf6 Qxf6 33. Rxd5 Rxd5 34. Rxd5 Qa1+ 35. Kg2 Qxa2 36. Qe4 Qc4 37. Qe5 Bf8 38. Ng5 Bg7 39. Qd6 Qc6 40. Ne4 Qxd6 41. Rxd6 Ra8 42. Nc5 a5 43. Rb6 a4 44. Rxb5 a3 45. Nb3 a2 46. c4 Ra3 47. c5 Rxb3 48. Rxb3 a1=Q 49. c6 Qc1 50. Rb6 Qc5 51. Ra6 Be5 52. Ra8+ Kg7 53. Rc8 Qd5+ 0-1


[Site "https://www.chess.com"]

[Event "Titled Tuesday Blitz June 6 Early 2023"]
[White "Yeletsky, Ivan"]
[Black "Grischuk, Alexander"]
[WhiteFideId "24180327"]
[BlackFideId "4126025"]
[WhiteElo "2380"]
[BlackElo "2721"]
[Result "1/2-1/2"]
[Round "6"]
[TimeControl "180+2"]
[Date "2023.06.06"]
[WhiteClock "0:00:11"]
[BlackClock "0:00:05"]
[Board "9"]

1. d4 e6 2. e4 d5 3. e5 c5 4. c3 Nc6 5. Nf3 Bd7 6. Be2 Nge7 7. O-O Ng6 8. g3 Be7 9. h4 O-O 10. h5 Nh8 11. h6 g6 12. dxc5 f6 13. c4 Nxe5 14. cxd5 Bxc5 15. Nc3 Nhf7 16. Ne4 Bb6 17. dxe6 Bxe6 18. Qxd8 Bxd8 19. Nxe5 Nxe5 20. Bf4 Bd5 21. Bxe5 fxe5 22. Nd6 Bg5 23. Rfd1 Be6 24. Nxb7 Bxh6 25. Nc5 Bf5 26. Nd7 Rfc8 27. Nxe5 Bg7 28. Rd5 Rc2 29. Bc4 Be6 30. Bb3 Rxb2 31. Rad1 Re8 32. Rd8 Kf8 33. Rxe8+ Kxe8 34. Nd3 Bxb3 35. Re1+ Kd7 36. Nxb2 Bxa2 37. Nd3 Kd6 38. Nb4 Bc4 39. Rd1+ Kc5 40. Nd3+ Kb5 41. Rb1+ Kc6 42. Nb4+ Kc5 43. Nc2 a5 44. Na3 Bd3 45. Rb3 Ba6 46. Rb8 Bd4 47. Kg2 a4 48. f3 Bc3 49. Ra8 Kb6 50. Nc2 Ba5 51. Rb8+ Bb7 52. Rh8 Bc6 53. Rxh7 Bc3 54. Rh6 Kc5 55. Rxg6 Bd5 56. Rg5 Kd6 57. Kf2 Bb3 58. Rg6+ Kc5 59. Rg5+ Kb6 60. Na3 Bd4+ 61. Ke2 Bc5 62. Rg6+ Ka5 63. Rg5 Kb4 64. Nb1 Bd4 65. Rg4 Kc5 66. Kd3 Bb2 67. Rg5+ Kb4 68. Rg4+ Kc5 69. Re4 a3 70. Nc3 a2 71. Nxa2 Bxa2 72. f4 Bb1+ 73. Ke3 Bxe4 74. Kxe4 Kd6 75. Kf5 Ke7 76. g4 Kf7 77. g5 Bc1 78. Kg4 Bxf4 79. Kxf4 Kg6 80. Kg4 Kg7 81. g6 Kxg6 1/2-1/2


[Site "https://www.chess.com"]

[Event "Titled Tuesday Blitz June 6 Early 2023"]
[White "Paravyan, David"]
[Black "Kravtsiv, Martyn"]
[WhiteFideId "4194985"]
[BlackFideId "14113147"]
[WhiteElo "2563"]
[BlackElo "2695"]
[Result "0-1"]
[Round "6"]
[TimeControl "180+2"]
[Date "2023.06.06"]
[WhiteClock "0:00:01"]
[BlackClock "0:00:27"]
[Board "10"]

1. e4 e5 2. Nf3 Nc6 3. Bc4 Nf6 4. d3 Bc5 5. O-O O-O 6. c3 d5 7. exd5 Nxd5 8. a4 a5 9. Nbd2 Nb6 10. Ba2 Qxd3 11. Bb1 Qd8 12. Qe2 Bd6 13. Ne4 f5 14. Ba2+ Kh8 15. Nxd6 cxd6 16. Bg5 Qe8 17. Rfd1 Qg6 18. Qd2 Nxa4 19. Nh4 Qe8 20. Qxd6 Nxb2 21. Rd2 Na4 22. Rb1 Nxc3 23. Re1 Ne4 24. Rxe4 fxe4 25. Bd5 Bf5 26. Nxf5 Rxf5 27. Be3 Rf6 28. Qc5 Rd8 29. Bg5 Qf8 30. Qe3 Nb4 31. Bxf6 Nxd5 32. Bxd8 Nxe3 33. fxe3 Qb4 34. Rd7 Qe1# 0-1


[Site "https://www.chess.com"]

[Event "Titled Tuesday Blitz June 6 Early 2023"]
[White "Korobov, Anton"]
[Black "Harutjunyan, Gevorg"]
[WhiteFideId "14105730"]
[BlackFideId "13300873"]
[WhiteElo "2638"]
[BlackElo "2474"]
[Result "0-1"]
[Round "6"]
[TimeControl "180+2"]
[Date "2023.06.06"]
[WhiteClock "0:01:51"]
[BlackClock "0:01:39"]
[Board "11"]

1. d4 Nf6 2. c4 g6 3. Nc3 Bg7 4. e4 d6 5. Nf3 O-O 6. Be2 e5 7. O-O exd4 8. Nxd4 Re8 9. f3 Nc6 10. Be3 Nh5 11. Re1 Nf4 12. Bf1 Nxd4 13. Bxd4 Qg5 14. Kh1 Bxd4 15. Qxd4 Qe5 16. Qd2 Ne6 17. Rad1 b6 18. Nd5 Bb7 19. f4 Qg7 20. f5 Bxd5 21. exd5 Nc5 22. Qf4 Qxb2 23. h4 Qf6 0-1


[Site "https://www.chess.com"]

[Event "Titled Tuesday Blitz June 6 Early 2023"]
[White "Gledura, Benjamin"]
[Black "Tabatabaei, M. Amin"]
[WhiteFideId "712779"]
[BlackFideId "12521213"]
[WhiteElo "2537"]
[BlackElo "2575"]
[Result "1-0"]
[Round "6"]
[TimeControl "180+2"]
[Date "2023.06.06"]
[WhiteClock "0:01:14"]
[BlackClock "0:00:01"]
[Board "12"]

1. g3 e5 2. c4 Nc6 3. Bg2 g6 4. Nc3 Bg7 5. Rb1 a5 6. a3 d6 7. b4 axb4 8. axb4 Nf6 9. b5 Nd4 10. e3 Ne6 11. Nge2 h5 12. h3 O-O 13. d3 Nc5 14. O-O Be6 15. d4 exd4 16. exd4 Ncd7 17. Rb4 Nb6 18. c5 Nbd5 19. Ra4 Rxa4 20. Qxa4 Qd7 21. h4 Re8 22. Bg5 Bh3 23. Qc4 Bxg2 24. Kxg2 Qe6 25. Qa2 dxc5 26. dxc5 c6 27. Bxf6 Bxf6 28. Nxd5 cxd5 29. Nf4 Qe4+ 30. f3 Qd4 31. Qxd5 Qb2+ 32. Rf2 Qxb5 33. Nxg6 Rd8 34. Qf5 Bd4 35. Ne5 Bxe5 36. Qg5+ 1-0


[Site "https://www.chess.com"]

[Event "Titled Tuesday Blitz June 6 Early 2023"]
[White "Henriquez Villagra, Cristobal"]
[Black "Harsh Suresh"]
[WhiteFideId "3409350"]
[BlackFideId "45018464"]
[WhiteElo "2542"]
[BlackElo "2209"]
[Result "0-1"]
[Round "6"]
[TimeControl "180+2"]
[Date "2023.06.06"]
[WhiteClock "0:00:19"]
[BlackClock "0:00:18"]
[Board "13"]

1. c3 b6 2. d4 Bb7 3. Bf4 g6 4. Nd2 Bg7 5. e4 d6 6. Ngf3 Nd7 7. Bd3 e5 8. Bg3 Ne7 9. a4 a6 10. O-O O-O 11. b4 Qc8 12. Qb3 h6 13. dxe5 Nxe5 14. Nxe5 dxe5 15. Nf3 Nc6 16. Bc4 Qe8 17. Bd5 Bf6 18. Rfd1 Qe7 19. Qc4 Nd8 20. Bxb7 Nxb7 21. Qd5 Nd6 22. Nxe5 Rfe8 23. f4 h5 24. h3 Kg7 25. Re1 Qe6 26. Rad1 Bxe5 27. fxe5 Nc4 28. Rf1 Ne3 29. Qxe6 Rxe6 30. Rd7 Nxf1 31. Kxf1 Rc8 32. Bf2 Kf8 33. Bd4 Ke8 34. Rd5 c6 35. Rd6 c5 36. bxc5 bxc5 37. Bf2 Rxd6 38. exd6 Kd7 39. e5 Ke6 40. Bh4 Rb8 41. Ke2 Rb2+ 42. Kd3 Rxg2 43. Kc4 g5 44. Be1 Re2 45. Bg3 h4 0-1


[Site "https://www.chess.com"]

[Event "Titled Tuesday Blitz June 6 Early 2023"]
[White "Shevchenko, Kirill"]
[Black "Bryakin, Mikhail"]
[WhiteFideId "14129574"]
[BlackFideId "4165314"]
[WhiteElo "2603"]
[BlackElo "2464"]
[Result "1-0"]
[Round "6"]
[TimeControl "180+2"]
[Date "2023.06.06"]
[WhiteClock "0:00:05"]
[BlackClock "0:00:01"]
[Board "14"]

1. c4 Nf6 2. Nc3 c5 3. Nf3 e6 4. g3 d5 5. cxd5 Nxd5 6. Bg2 Nc6 7. O-O Be7 8. d4 Nxc3 9. bxc3 O-O 10. Rb1 Qc7 11. Bf4 Bd6 12. Bxd6 Qxd6 13. e4 cxd4 14. cxd4 b6 15. d5 exd5 16. exd5 Ne7 17. Nd4 Ba6 18. Re1 Bc4 19. Nc6 Ng6 20. Qc2 b5 21. h4 Rfe8 22. Rxe8+ Rxe8 23. Nxa7 Qd7 24. Nc6 Bxd5 25. Rd1 Qxc6 26. Qxc6 Bxc6 27. Bxc6 Rb8 28. Rb1 b4 29. a3 Ne5 30. Bd5 Nd3 31. Rb3 Nc5 32. Rxb4 Rd8 33. Bf3 Kf8 34. Kg2 Rd3 35. Rc4 Ne6 36. a4 Ra3 37. Bd5 Ke7 38. Re4 Kd6 39. Bxe6 fxe6 40. h5 g6 41. hxg6 hxg6 42. Rg4 Ke5 43. Rb4 g5 44. Rb5+ Kf6 45. g4 Ra2 46. Ra5 Ra3 47. Ra8 Ke5 48. a5 Ra2 49. Kg3 Ra3+ 50. Kg2 Ra2 51. a6 Kf4 52. a7 Kxg4 53. Kf1 e5 54. Ke1 Ra6 55. Ke2 Ra3 56. Kd2 Ra6 57. Ke3 Ra4 58. Kd3 Ra1 59. Kc4 Ra2 60. Kd5 Ra5+ 61. Ke4 Ra2 62. Kxe5 Re2+ 63. Kd6 Ra2 64. f3+ Kg3 65. Ke5 Ra5+ 66. Ke6 Kg2 67. Kd6 Kg3 68. Ke6 Kg2 69. Kd6 Kg3 70. Kc6 Ra1 71. Kd5 Ra5+ 72. Kc4 Ra1 73. Kd3 Ra6 74. f4 Kg4 75. fxg5 1-0


[Site "https://www.chess.com"]

[Event "Titled Tuesday Blitz June 6 Early 2023"]
[White "Molina, Roberto Junio Brito"]
[Black "Sjugirov, Sanan"]
[WhiteFideId "2109450"]
[BlackFideId "4189302"]
[WhiteElo "2376"]
[BlackElo "2569"]
[Result "1-0"]
[Round "6"]
[TimeControl "180+2"]
[Date "2023.06.06"]
[WhiteClock "0:00:08"]
[BlackClock "0:00:04"]
[Board "15"]

1. d4 Nf6 2. c4 e6 3. Nf3 d5 4. Nc3 c6 5. Bg5 Nbd7 6. e3 h6 7. Bh4 Be7 8. Qc2 O-O 9. Be2 dxc4 10. a4 c5 11. Bxc4 cxd4 12. exd4 b6 13. O-O Bb7 14. Qe2 Nh5 15. Bg3 Nxg3 16. hxg3 Nf6 17. Rfd1 Rc8 18. Ba6 Bxa6 19. Qxa6 Bb4 20. Na2 Nd5 21. Qxa7 Rc2 22. Nxb4 Nxb4 23. Rac1 Rxb2 24. Rb1 Rxb1 25. Rxb1 Nd5 26. Rc1 Qd6 27. Ne5 Nf6 28. Nc6 Qa3 29. Rb1 Qa2 30. Qxb6 Qxa4 31. Qb5 Qc2 32. Re1 Ra8 33. Ne5 Qc7 34. Qc6 Qxc6 35. Nxc6 Nd5 36. Rc1 Ra4 37. Rc2 Ra1+ 38. Kh2 Nf6 39. f3 Nd5 40. g4 Ne3 41. Re2 Nd5 42. Kg3 Rc1 43. Ne5 Rd1 44. Ra2 f6 45. Ra8+ Kh7 46. Nd7 Kg6 47. Ra6 Kf7 48. Ra7 Rxd4 49. Ne5+ Ke8 50. Ng6 f5 51. Rxg7 f4+ 52. Kh2 Ne3 53. Re7+ Kd8 54. Rxe6 Nf1+ 55. Kg1 Ng3 56. Kh2 Nf1+ 57. Kh3 Ne3 58. Rf6 Nd5 59. Rf5 Rd1 60. Nxf4 Ne3 61. Re5 Rh1+ 62. Kg3 Nf1+ 63. Kf2 Kd7 64. Rh5 Rxh5 65. Nxh5 Nd2 66. Ng3 Nc4 67. Nf5 Ke6 68. Nxh6 Kf6 69. Nf5 1-0


[Site "https://www.chess.com"]